 Dungeon Crawl Stone Soup version 0.27-a0-1187-ge80a49f48c (webtiles) character file.

Game seed: 9526057636023864566

54 Delamore the Skirmisher (level 3, 0/24 HPs)
             Began as a Gargoyle Monk on May 20, 2021.
             Slain by a goblin
             ... wielding a +0 club
             ... led by Robin
              (3 damage)
             ... on level 2 of the Dungeon.
             The game lasted 00:01:26 (1721 turns).

Delamore the Skirmisher (Gargoyle Monk)             Turns: 1721, Time: 00:01:26

Health: 0/24       AC:  6    Str: 15    XL:     3   Next: 91%
Magic:  3/3        EV: 12    Int: 10    God:
Gold:   70         SH:  0    Dex: 12    Spells: 2/2 levels left

rFire    . . .     SeeInvis .   a - +0 mace
rCold    . . .     Faith    .   (no shield)
rNeg     + . .     Spirit   .   b - +0 robe
rPois    ∞         Reflect  .   (no helmet)
rElec    +         Harm     .   (no cloak)
rCorr    .         Rampage  .   j - +0 pair of gloves
Will     .....                  (no boots)
Stlth    ++........             (no amulet)
HPRegen  0.08/turn              (no ring)
MPRegen  0.08/turn              (no ring)

@: flying
A: sickness immunity, AC +3, negative energy resistance 1, electricity
resistance, torment resistance 1, petrification resistance
a: no special abilities


You were on level 2 of the Dungeon.
You visited 1 branch of the dungeon, and saw 2 of its levels.

You collected 70 gold pieces.

Inventory:

Hand Weapons
 a - a +0 mace (weapon)
Missiles
 g - 5 atropa-tipped darts (quivered)
Armour
 b - a +0 robe (worn)
 j - a +0 pair of gloves (worn)
Jewellery
 d - a ring of wizardry
 f - an amulet of magic regeneration
Scrolls
 c - 2 scrolls of identify {unknown}
 e - a scroll of magic mapping {unknown}
 i - a scroll of fog {unknown}


   Skills:
 + Level 4.3 Fighting
 + Level 3.9 Maces & Flails
 - Level 2.4 Dodging
 - Level 2.1 Stealth


You had 2 spell levels left.
You didn't know any spells.
Your spell library was empty.

Dungeon Overview and Level Annotations

Branches:
Dungeon (2/15)

Altars:

Shops:
D:1 *

Annotations:
D:2 Robin


Innate Abilities, Weirdness & Mutations

You are immune to sickness and miasma.
Your stone body is resilient. (AC +3)
You are immune to poison.
You resist negative energy. (rN+)
You are resistant to electric shocks. (rElec)
You are resistant to unholy torment.
You are immune to petrification.


Message History

a +0 club; a +0 club; a goblin corpse You completely miss the goblin.
The goblin hits you with a +0 dagger.
* * * LOW HITPOINT WARNING * * *
The goblin hits you but does no damage. The goblin closely misses you.
You closely miss the goblin.
The goblin hits you but does no damage. x2
You closely miss the goblin. The goblin hits you with a +0 club.
* * * LOW HITPOINT WARNING * * *
The goblin misses you. The goblin hits you with a +0 club.
* * * LOW HITPOINT WARNING * * *
It was a potion of ambrosia.
You are confused.
You feel invigorated.
The goblin no longer looks unusually strong.
The goblin hits you but does no damage. x2
It was a potion of flight.
You feel very buoyant.
You fly up into the air.
The goblin no longer looks unusually strong.
The goblin hits you but does no damage. The goblin hits you with a +0 club.
* * * LOW HITPOINT WARNING * * *
You hit the goblin.
You kill the goblin!
You feel less invigorated.
You feel less confused. The goblin hits you with a +0 dagger.
* * * LOW HITPOINT WARNING * * *
You closely miss the goblin. The goblin barely misses you.
The goblin hits you but does no damage. The goblin hits you with a +0 club.
* * * LOW HITPOINT WARNING * * *
You hit the goblin but do no damage.
The goblin no longer looks unusually strong.
The goblin hits you but does no damage. x3
Robin roars a battlecry!
The goblins go into a battle-frenzy!
You closely miss the goblin. The goblin completely misses you.
The goblin barely misses you.
You hit the goblin.
You kill the goblin!
The goblin hits you with a +0 club.
You die...

#.##.# ...# #.##.# ...#
#.##.# ...# #.##.# ## ...#
#.##.# .. ...# #.##.# .# #
...########.##.# .# ...
...............####g#....#
...........^.(.)@ggK.....#
...#.####...#..####...##.#
...#.# #.###..# ##.#
####.# #......# # #.#
######.# ####.####### #.#
#..........# #.#
#.#......#.# #. #.#......#


You could see Robin, 2 goblins and a kobold.

Vanquished Creatures
  A dart slug (D:1)
  5 ball pythons
  An endoplasm (D:1)
  4 giant cockroaches (D:1)
  11 goblins
  6 hobgoblins
  3 jackals (D:1)
  2 quokkas (D:1)
  4 bats (D:1)
  2 frilled lizards (D:1)
  3 kobolds
  A rat (D:1)
43 creatures vanquished.

Notes
Turn   | Place    | Note
-------+----------+-------------------------------------------
     0 | D:1      | Delamore the Gargoyle Monk began the quest for the Orb.
     0 | D:1      | Reached XP level 1. HP: 14/14 MP: 1/1
   122 | D:1      | Found Qoalodux's Assorted Antiques.
   231 | D:1      | Reached XP level 2. HP: 16/19 MP: 2/2
   810 | D:1      | Reached XP level 3. HP: 16/24 MP: 3/3
   813 | D:1      | Reached skill level 4 in Fighting
   967 | D:1      | Found a faded altar of an unknown god.
  1700 | D:2      | Noticed Robin
  1714 | D:2      | HP: 1/24 [goblin/+0 club[Robin] (2)]
  1721 | D:2      | Slain by a goblin

Illustrated notes

Levels and vault maps discovered:
D:1:      scummos_arrival_hexagon, layout_basic, serial_shops, shop,
          ebering_ecumenical_altar_webs, minmay_tall_x
D:2:      layout_basic, basic_altar, grunt_ministairs_7, uniq_robin

Skill      XL: |  1  2  3 |
---------------+----------+-----
Fighting       | 4 |  4.3
Maces & Flails | |  3.9
Dodging        | |  2.4
Stealth        | |  2.1

Action                   || total
-------------------------++-------
Melee: Mace              ||   115
  Use: Potion            ||     2
 Stab: Sleeping          ||     6
Armor: Robe              ||    69
Dodge: Dodged            ||    95

Table legend: (Time is in decaauts)
 A = Elapsed time spent in this place.
 B = Non-inter-level travel time spent in this place.
 C = Inter-level travel time spent in this place.
 D = Time resting spent in this place.
 E = Time spent auto-exploring this place.
 F = Levels seen in this place.
 G = Mean time per level.
                   A        B        C        D        E       F      G
               +--------+--------+--------+--------+--------+-----+--------+
         Total |   1746 |   1679 |     67 |    246 |   1169 |   2 |  873.0 |
       Dungeon |   1746 |   1679 |     67 |    246 |   1169 |   2 |  873.0 |
               +--------+--------+--------+--------+--------+-----+--------+

Top non-repeatable levels by time:
     D:1: 1242 daAuts
     D:2: 503 daAuts
